 Dungeon Crawl Stone Soup version 0.18.1-48-g4cf74bf (webtiles) character file.

12915 rjaguar3 the Basher (level 11, -9/105 HPs)
             Began as a Minotaur Berserker on July 2, 2016.
             Was a High Priest of Trog.
             Mangled by Rupert
             ... wielding a +5 great mace of draining
              (26 damage)
             ... on level 3 of the Lair of Beasts.
             The game lasted 00:32:41 (11612 turns).

rjaguar3 the Basher (Minotaur Berserker)           Turns: 11612, Time: 00:32:41

Health: -9/105     AC: 21    Str: 23    XL:     11   Next: 68%
Magic:  10/10      EV: 12    Int:  4    God:    Trog [*****.]
Gold:   753        SH:  3    Dex: 12    Spells: 0 memorised, 10 levels left

rFire  . . .     SeeInvis .     D - +0 flail (protect)
rCold  . . .     Gourm    .     d - +1 chain mail {MR+}
rNeg   + . .     Faith    .     (no shield)
rPois  .         Spirit   .     (helmet restricted)
rElec  .         Dismiss  .     C - +0 cloak
rCorr  .         Reflect  +     (no gloves)
SustAt .         Harm     .     n - +2 pair of boots
MR     +++..                    i - +3 amulet of reflection
Stlth  ..........               Y - ring of positive energy
                                L - +2 ring of evasion

@: exhausted, regenerating, slowed, heavily drained, very slow, extremely
resistant to hostile enchantments, extremely unstealthy
A: retaliatory headbutt, horns 2
a: Berserk, Trog's Hand, Brothers in Arms, Burn Spellbooks, Renounce Religion


You were on level 3 of the Lair of Beasts.
You worshipped Trog.
Trog was extremely pleased with you.
You were very hungry.

You visited 2 branches of the dungeon, and saw 14 of its levels.

You collected 753 gold pieces.

Inventory:

Hand Weapons
 x - a +0 hunting sling
 D - a +0 flail of protection (weapon)
 N - a +0 blowgun
Missiles
 p - 194 stones (quivered)
 B - 62 sling bullets
 E - 8 needles of confusion
 O - 47 poisoned needles
 Q - 2 silver javelins
 X - 2 tomahawks
Armour
 d - a +1 chain mail of magic resistance (worn)
 m - a +0 ring mail of cold resistance
 n - a +2 pair of boots (worn)
 C - a +0 cloak (worn)
Jewellery
 i - a +3 amulet of reflection (around neck)
 s - an uncursed ring of fire
 I - an uncursed amulet of faith {unknown}
 L - a +2 ring of evasion (left hand)
 Y - a ring of positive energy (right hand)
Wands
 a - a wand of lightning (9/15)
 v - a wand of hasting (4/9)
 H - a wand of digging (17/24)
 R - a wand of iceblast (5/15)
 T - a wand of acid (8/15)
 W - a wand of paralysis (14/24)
 Z - a wand of teleportation (2/9)
Scrolls
 e - 7 scrolls of teleportation
 g - 2 scrolls of fog {unknown}
 h - 5 scrolls of amnesia {unknown}
 j - a scroll of enchant armour {unknown}
 q - 2 scrolls of noise {unknown}
 t - 5 scrolls of blinking {unknown}
 u - 10 scrolls of remove curse
 w - 2 scrolls of random uselessness {unknown}
 y - 3 scrolls of enchant weapon {unknown}
 S - 3 scrolls of magic mapping {unknown}
 V - 2 scrolls of vulnerability {unknown}
Potions
 f - 5 potions of flight
 k - 11 potions of curing {unknown}
 o - 4 potions of agility
 z - 3 potions of ambrosia
 A - 4 potions of haste
 F - a potion of invisibility {unknown}
 U - a potion of heal wounds {unknown}
Books
 K - a book of Death

   Spells                             Type                      Level
   a - Corpse Rot                     Necromancy                   2
   b - Sublimation of Blood           Necromancy                   2
   c - Agony                          Necromancy                   5
   d - Dispel Undead                  Necromancy                   5
   e - Excruciating Wounds            Charms/Necromancy            5
   f - Bolt of Draining               Conjuration/Necromancy       5
   Trog disapproves of the use of such an item.
 M - a book of Cantrips

   Spells                             Type                      Level
   a - Corona                         Hexes                        1
   b - Animate Skeleton               Necromancy                   1
   c - Summon Small Mammal            Summoning                    1
   d - Apportation                    Translocation                1
   Trog disapproves of the use of such an item.
Comestibles
 b - 7 meat rations
 c - 9 bread rations
 l - a fruit
 r - a royal jelly
 J - 4 beef jerkies
 P - a slice of pizza


   Skills:
 * Level 12.7(10.8) Fighting
 * Level 13.9(11.9) Maces & Flails
 + Level 0.2(0.0) Slings
 + Level 2.2(0.7) Throwing
 + Level 10.3(8.5) Armour
 + Level 6.0(4.4) Dodging
 + Level 1.6(0.2) Stealth


You had 10 spell levels left.
You didn't know any spells.

Dungeon Overview and Level Annotations

Branches:
Dungeon (11/15)            Temple (0/1) D:5            Lair (3/8) D:11
  Swamp: Lair:3-6    Shoals: Lair:3-6     Snake: Lair:3-6    Spider: Lair:3-6
    Orc: D:9-12

Altars:
Kikubaaqudgha
Okawaru
Qazlal
Ru
Sif Muna
Vehumet
Xom
Yredelemnul
Zin

Shops:
D:6 [

Portals:
Trove: D:11 (give 6 scrolls of blinking)

Annotations:
D:3 hairmachine's ghost, amateur DsGl
Lair:3 Rupert


Innate Abilities, Weirdness & Mutations

You reflexively headbutt those who attack you in melee.
You have a pair of horns on your head.


Message History

You sock Rupert! You headbutt Rupert!
Rupert is severely wounded.
Rupert closely misses you.
You hit Rupert but do no damage. Your headbutt misses Rupert.
Rupert is severely wounded.
Rupert hits you with a great mace of draining!!
* * * LOW HITPOINT WARNING * * *
You partially resist.
You feel drained.
* * * LOW HITPOINT WARNING * * *
You feel a strong urge to attack something.
You are no longer berserk.
You are exhausted.
You feel yourself slow down.
You are feeling very hungry.
Rupert hits you but does no damage. You partially resist.
You feel drained.
Rupert hits you with a great mace of draining!
* * * LOW HITPOINT WARNING * * *
You partially resist.
You feel drained.
Rupert hits you with a great mace of draining!!
You die...

..#......#####
..........##.#
.............##
..............#
..#.#.........###
.#..............#
..#.............##
P###...@.........###
#...@...........#####
###................#..#
#.#...................<
#.....................
##..................##
#..................##.
#.................###.
#.....##...........#.##..
#.... #...........####..


You could see Rupert (berserk).

Vanquished Creatures
  The ghost of Wotyn the Basher, a novice MiFi of the Shining One (D:11)
  The ghost of FrancescoMac the Nimble, a novice MiCK of Xom (D:9)
  Pikel (D:7)
  2 hill giants
  3 black mambas
  4 spiny frogs (Lair:2)
  A komodo dragon (Lair:2)
  3 trolls
  12 yaks
  A wyvern (D:8)
  A wraith (D:10)
  2 hippogriffs
  3 wargs (D:11)
  2 water moccasins
  2 porcupines (Lair:2)
  An ice beast (D:6)
  2 orc warriors
  2 sky beasts
  2 phantoms (D:8)
  3 ogres
  A necrophage (D:7)
  3 wolves (Lair:2)
  2 crocodiles (Lair:1)
  3 centaurs
  2 big kobolds
  5 giant frogs
  A wyvern skeleton (D:10)
  5 scorpions
  5 killer bees (D:10)
  4 wights (D:9)
  A giant frog zombie (D:9)
  A crimson imp (D:9)
  A quasit (D:6)
  A centaur zombie (D:9)
  5 hounds
  7 orc priests
  A jelly (D:5)
  A centaur skeleton (D:6)
  A gnoll shaman (D:4)
  4 orc wizards
  2 iguanas (Lair:2)
  2 hell rats (D:8)
  6 worker ants
  4 sheep (Lair:1)
  A killer bee zombie (D:9)
  A hound zombie (D:7)
  A hound skeleton (D:5)
  A howler monkey zombie (D:5)
  8 gnolls
  8 adders
  20 river rats
  2 adder skeletons
  2 worms (D:2)
  4 dart slugs
  3 giant geckos
  19 orcs
  A ball python (D:3)
  8 giant cockroaches
  4 goblins
  9 hobgoblins
  22 jackals
  5 quokkas
  6 bats
  2 giant newts
  13 kobolds
  A quokka skeleton (D:4)
  31 rats
289 creatures vanquished.

Vanquished Creatures (others)
  A centaur (D:7)
  A jackal (D:7)
  A ball python (D:7)
  2 fungi
5 creatures vanquished.

Grand Total: 294 creatures vanquished

Notes
Turn   | Place    | Note
--------------------------------------------------------------
     0 | D:1      | rjaguar3 the Minotaur Berserker began the quest for the Orb.
     0 | D:1      | Reached XP level 1. HP: 19/19 MP: 0/0
   215 | D:1      | Reached XP level 2. HP: 18/27 MP: 1/1
   323 | D:1      | Reached skill level 4 in Maces & Flails
  1000 | D:2      | Reached XP level 3. HP: 29/33 MP: 2/2
  1003 | D:2      | Reached ** piety under Trog
  1101 | D:2      | Found a radiant altar of Vehumet.
  1290 | D:2      | Found a glowing silver altar of Zin.
  1780 | D:2      | Reached XP level 4. HP: 39/41 MP: 3/3
  2086 | D:3      | Noticed hairmachine's ghost (amateur DsGl)
  2441 | D:3      | Found an iron altar of Okawaru.
  2752 | D:3      | Reached *** piety under Trog
  2752 | D:3      | Reached skill level 5 in Fighting
  2824 | D:4      | Found a basalt altar of Yredelemnul.
  2880 | D:4      | Reached XP level 5. HP: 48/48 MP: 4/4
  2894 | D:4      | Noticed an ogre
  2899 | D:4      | Killed an ogre
  2899 | D:4      | Reached skill level 5 in Maces & Flails
  3049 | D:4      | Reached skill level 1 in Stealth
  3096 | D:4      | Reached XP level 6. HP: 55/56 MP: 5/5
  3202 | D:4      | Found a sacrificial altar of Ru.
  3432 | D:5      | Entered Level 5 of the Dungeon
  3442 | D:5      | Found a deep blue altar of Sif Muna.
  3545 | D:5      | Reached skill level 6 in Maces & Flails
  3623 | D:5      | Reached XP level 7. HP: 41/63 MP: 6/6
  3634 | D:5      | Found an ancient bone altar of Kikubaaqudgha.
  3836 | D:5      | Found a staircase to the Ecumenical Temple.
  3907 | D:5      | Reached **** piety under Trog
  4295 | D:5      | Reached skill level 5 in Armour
  4590 | D:6      | Reached skill level 7 in Maces & Flails
  4769 | D:6      | Found Jaojaimoemp's Armour Shoppe.
  4985 | D:6      | Reached XP level 8. HP: 73/73 MP: 7/7
  5315 | D:7      | Noticed Pikel
  5323 | D:7      | Killed Pikel
  5323 | D:7      | Reached skill level 8 in Maces & Flails
  5323 | D:7      | Reached skill level 1 in Throwing
  6041 | D:8      | Reached skill level 9 in Maces & Flails
  6041 | D:8      | Reached XP level 9. HP: 82/82 MP: 8/8
  6042 | D:8      | Reached ***** piety under Trog
  6096 | D:8      | Received a gift from Trog
  6270 | D:8      | Found a shimmering altar of Xom.
  6326 | D:8      | Found a stormy altar of Qazlal.
  6902 | D:9      | Reached skill level 10 in Maces & Flails
  7034 | D:9      | Noticed a troll
  7038 | D:9      | Killed a troll
  7038 | D:9      | Reached skill level 10 in Fighting
  7038 | D:9      | Reached skill level 11 in Maces & Flails
  7053 | D:9      | Noticed a troll
  7065 | D:9      | Killed a troll
  7101 | D:9      | Reached XP level 10. HP: 83/93 MP: 9/9
  7264 | D:9      | Noticed FrancescoMac's ghost (novice MiCK)
  7290 | D:9      | Killed FrancescoMac's ghost
  7290 | D:9      | Reached skill level 5 in Dodging
  7601 | D:10     | Entered Level 10 of the Dungeon
  7601 | D:10     | Noticed a hill giant
  7608 | D:10     | Killed a hill giant
  7608 | D:10     | Received a gift from Trog
  7683 | D:10     | Reached skill level 12 in Maces & Flails
  8592 | D:11     | Found a portal to a secret trove of treasure.
  8751 | D:11     | Noticed a hill giant
  8759 | D:11     | Killed a hill giant
  8891 | D:11     | Noticed Wotyn's ghost (novice MiFi)
  8905 | D:11     | Killed Wotyn's ghost
  8905 | D:11     | Reached XP level 11. HP: 80/104 MP: 10/10
  9034 | D:11     | Found a staircase to the Lair.
  9194 | Lair:1   | Entered Level 1 of the Lair of Beasts
  9199 | Lair:1   | Received a gift from Trog
  9479 | Lair:1   | Reached skill level 13 in Maces & Flails
 10514 | Lair:2   | Reached skill level 10 in Armour
 11588 | Lair:3   | Noticed Rupert
 11612 | Lair:3   | Mangled by Rupert

Skill      XL: |  1  2  3  4  5  6  7  8  9 10 11 |
---------------+----------------------------------+-----
Maces & Flails | 4 5 6 7 9 11 12 13 | 13.9
Fighting       | 4 5 6 7 8 10 11 12 | 12.7
Armour         | 3 4 5 7 8 9 10 | 10.3
Stealth        | 1 |  1.6
Dodging        | 3 4 5 6 |  6.0
Throwing       | 1 2 |  2.2
Slings         | |  0.2

Action                   |  1- 3 |  4- 6 |  7- 9 | 10-12 || total
-------------------------+-------+-------+-------+-------++-------
Melee: Mace              |   123 |   129 |    54 |       ||   306
       Headbutt          |    15 |    18 |    73 |    84 ||   190
       Flail             |       |       |   211 |   341 ||   552
 Fire: Blowgun           |       |       |       |     4 ||     4
       Hunting sling     |       |       |       |     3 ||     3
Throw: Stone             |       |       |     8 |     9 ||    17
Invok: Berserk           |       |     2 |     6 |     8 ||    16
       Burn Spellbooks   |       |     1 |     1 |     1 ||     3
       Trog's Hand       |       |       |       |     3 ||     3
  Use: Scroll            |       |     8 |     2 |     2 ||    12
  Eat: Chunk             |     3 |     8 |    16 |    21 ||    48
       Beef jerky        |       |       |     1 |       ||     1
Armor: Chain mail        |    88 |    91 |   112 |   135 ||   426
Dodge: Dodged            |    73 |    73 |   113 |   142 ||   401
Block: Other             |       |     8 |    22 |    25 ||    55
       Reflection        |       |       |     1 |       ||     1
